 Dungeon Crawl Stone Soup version 0.25-a0-67-g7dccc1bee0 (webtiles) character file.

Game seed: 16370152375538434950, levelgen mode: deterministic

2698 iamserjio the Nimble (level 9, -4/66 HPs)
             Began as an Octopode Necromancer on Nov 1, 2019.
             Was an Initiate of Kikubaaqudgha.
             Slain by a killer bee (6 damage)
             ... on level 8 of the Dungeon.
             The game lasted 00:15:14 (11631 turns).

iamserjio the Nimble (Octopode Necromancer)        Turns: 11631, Time: 00:15:15

Health: -4/66      AC:  1    Str: 10    XL:     9   Next: 65%
Magic:  0/13       EV: 18    Int: 22    God:    Kikubaaqudgha [......]
Gold:   398        SH:  0    Dex: 13    Spells: 2/14 levels left

rFire    . . .     SeeInvis .   k - +1 short sword (flame)
rCold    . . .     Gourm    .   (no shield)
rNeg     + . .     Faith    .   (helmet restricted)
rPois    .         Spirit   .   (no amulet)
rElec    .         Reflect  .   h - ring of positive energy
rCorr    .         Harm     .   (no ring)
MR       .....                  (no ring)
Stlth    +++.......             (no ring)
HPRegen  0.21/turn              (no ring)
MPRegen  0.13/turn              (no ring)
                                (no ring)
                                (no ring)

@: brilliant, lethally poisoned (-4 -> -20), very slightly contaminated
A: almost no armour, stealthy swim, amphibious, 8 rings, constrict 8, camouflage
1, gelatinous body 1
a: Renounce Religion


You were on level 8 of the Dungeon.
You worshipped Kikubaaqudgha.
Kikubaaqudgha was noncommittal.
You were not hungry.

You visited 2 branches of the dungeon, and saw 9 of its levels.

You collected 398 gold pieces.

Inventory:

Hand Weapons
 c - a +1 antimagic whip
 g - a +3 quarterstaff of chaos
 k - a +1 short sword of flaming (weapon)
 n - a +0 flail of holy wrath
 t - a +0 trident
 v - a +0 rapier
 w - a +0 scimitar
 x - a cursed +4 great sword
Missiles
 q - 18 poisoned darts (quivered)
Jewellery
 h - a ring of positive energy (left tentacle)
 u - a +1 ring of evasion {unknown}
Scrolls
 a - a scroll of amnesia
 f - 2 scrolls of magic mapping
 l - 2 scrolls of enchant armour
 m - 2 scrolls of remove curse {@r2}
 p - a scroll of enchant weapon
 r - a scroll of acquirement
Potions
 e - a potion of cancellation
 o - a potion of mutation
 s - 2 potions of flight
Comestibles
 b - 14 rations


   Skills:
 - Level 8.0 Fighting
 * Level 8.8 Dodging
 - Level 2.6 Stealth
 + Level 3.0 Spellcasting
 - Level 2.1 Hexes
 - Level 2.0 Charms
 * Level 5.0 Necromancy
 * Level 0.3 Translocations


You had 2 spell levels left.
You knew the following spells:

 Your Spells              Type           Power        Failure   Level  Hunger
a - Pain                  Necr           ####         1%          1    None
b - Animate Skeleton      Necr           N/A          1%          1    None
c - Vampiric Draining     Necr           #####.....   1%          3    ###....
d - Regeneration          Chrm/Necr      ####......   1%          3    ###....
e - Confusing Touch       Hex            ####..       1%          1    None
f - Apportation           Tloc           ###...       1%          1    None
g - Blink                 Tloc           N/A          2%          2    ##.....

Your spell library contained the following spells:

 Spells                   Type           Power        Failure   Level  Hunger
 Magic Dart               Conj           ###.         1%          1    None
 Sting                    Conj/Pois      ###.         1%          1    None
 Summon Small Mammal      Summ           ###.         1%          1    None
 Slow                     Hex            ####....     1%          2    ##.....
 Call Imp                 Summ           ###.....     2%          2    ##.....
 Poisonous Vapours        Pois/Air       ###...       2%          2    ##.....
 Animate Dead             Necr           N/A          1%          4    ####...
 Conjure Flame            Conj/Fire      ###.....     4%          3    ###....
 Mephitic Cloud           Conj/Pois/Air  ###.....     4%          3    ###....
 Olgreb's Toxic Radiance  Pois           ###.....     13%         4    ####...
 Venom Bolt               Conj/Pois      ###.......   32%         5    ######.


Dungeon Overview and Level Annotations

Branches:
Dungeon (8/15)             Temple (1/1) D:7
   Lair: D:8-11

Altars:
Ashenzari
Cheibriados
Dithmenos
Elyvilon
Fedhas
Gozag
Hepliaklqana
Kikubaaqudgha
Makhleb
Nemelex Xobeh
Okawaru
Qazlal
Ru
Sif Muna
Trog
Uskayaw
Vehumet
Wu Jian
Xom
Yredelemnul
Zin
The Shining One

Shops:
D:7 [

Annotations:
D:7 exclusion: oklob plant


Innate Abilities, Weirdness & Mutations

You cannot wear most types of armour.
You are very stealthy in the water. (Stealth+)
You are amphibious.
You can wear up to eight rings at the same time.
You can use your tentacles to constrict eight enemies at once.
Your skin changes colour to match your surroundings (Stealth+).
Your rubbery body absorbs attacks. (AC +1, EV +1)


Message History

You are lethally poisoned!
The killer bee poisons you! The killer bee closely misses you.
Okay, then.
You hit the killer bee but do no damage.
Your grab misses the killer bee. You squeeze the killer bee.
You kill the killer bee!
Kikubaaqudgha accepts your kill.
* * * LOW HITPOINT WARNING * * *
You feel sick. The killer bee stings you.
* * * LOW HITPOINT WARNING * * *
The killer bee barely misses you.
Casting: Vampiric Draining (safe; 1% risk of failure)
Okay, then.
Okay, then.
As you read the scroll labeled JESUAMN KOMN, it crumbles to dust.
The dust glows pulsating brown!
It was a scroll of random uselessness.
* * * LOW HITPOINT WARNING * * *
You feel sick. The killer bee stings you.
You die...
Kikubaaqudgha rasps: "You have failed me!
Welcome... death!"

############
#..........#
#.###<###..#
#.###.###..#
.......H...#
#[###.###H.#
#..@yy.#
#####.##
.... #.##.#
#.. .. #.#
#. ..# .#


You could see a hippogriff and 2 killer bees.

Vanquished Creatures
  A hippogriff (D:7)
  Sigmund (D:5)
  Eustachio (D:5)
  An ice beast (D:5)
  2 orc warriors
  An ogre (D:6)
  2 phantoms
  A black bear (D:7)
  Blork the orc (D:6)
  2 bullfrogs (D:6)
  A wyvern zombie (D:7)
  4 scorpions
  A wyvern skeleton (D:6)
  A killer bee (D:8)
  5 wights (D:6)
  2 crimson imps
  A hound (D:7)
  2 orc priests (D:4)
  2 jellies
  2 bullfrog zombies
  A centaur skeleton (D:6)
  Crazy Yiuf (D:6)
  Terence (D:2)
  2 iguanas (D:7)
  4 worker ants
  Robin (D:2)
  A worker ant zombie (D:6)
  8 adders
  4 gnolls (D:4)
  A shadow imp (D:5)
  2 oozes
  A worm (D:2)
  5 dart slugs
  6 leopard geckos
  8 orcs
  6 bats
  6 giant cockroaches
  5 hobgoblins
  2 jackals (D:5)
  3 quokkas
  2 ball pythons (D:1)
  4 frilled lizards
  8 goblins (D:2)
  9 kobolds
  A leopard gecko skeleton (D:5)
  A quokka zombie (D:7)
  9 rats
136 creatures vanquished.

Vanquished Creatures (collateral kills)
  A sky beast (D:7)
  A centaur (D:6)
  A crimson imp (D:5)
  An adder skeleton (D:6)
4 creatures vanquished.

Vanquished Creatures (others)
  An orc (D:6)
1 creature vanquished.

Grand Total: 141 creatures vanquished

Notes
Turn   | Place    | Note
-------+----------+-------------------------------------------
     0 | D:1      | iamserjio the Octopode Necromancer began the quest for the
                  | Orb.
     0 | D:1      | Reached XP level 1. HP: 11/11 MP: 3/3
   117 | D:1      | Reached skill level 1 in Fighting
   117 | D:1      | Reached XP level 2. HP: 12/18 MP: 1/5
   634 | D:1      | Reached XP level 3. HP: 23/23 MP: 2/6
  1292 | D:2      | Noticed Robin
  1654 | D:2      | Killed Robin
  1677 | D:2      | Reached XP level 4. HP: 9/29 MP: 2/7
  2461 | D:2      | Found a shadowy altar of Dithmenos.
  2469 | D:2      | Noticed Terence
  2566 | D:2      | Killed Terence
  2870 | D:2      | Reached XP level 5. HP: 36/36 MP: 8/8
  3031 | D:2      | Learned a level 1 spell: Animate Skeleton
  3035 | D:2      | Learned a level 3 spell: Vampiric Draining
  3039 | D:2      | Learned a level 3 spell: Regeneration
  3091 | D:3      | Found a glowing golden altar of the Shining One.
  3091 | D:3      | Found a shimmering altar of Xom.
  4315 | D:4      | Noticed an orc warrior
  4344 | D:4      | Reached skill level 1 in Charms
  4344 | D:4      | Reached XP level 6. HP: 23/42 MP: 3/9
  5428 | D:4      | Killed an orc warrior
  5428 | D:4      | Reached XP level 7. HP: 28/48 MP: 7/10
  6095 | D:5      | Entered Level 5 of the Dungeon
  6100 | D:5      | Reached skill level 5 in Dodging
  6311 | D:5      | Found a stormy altar of Qazlal.
  6318 | D:5      | Found a hazy altar of Hepliaklqana.
  6335 | D:5      | Noticed Eustachio
  6735 | D:5      | Noticed Sigmund
  6749 | D:5      | Killed Sigmund
  6749 | D:5      | Reached skill level 5 in Fighting
  6749 | D:5      | Reached skill level 5 in Necromancy
  6989 | D:5      | Reached XP level 8. HP: 54/55 MP: 11/11
  7022 | D:5      | Killed Eustachio
  7800 | D:6      | Noticed Blork the orc
  7815 | D:6      | Killed Blork the orc
  8329 | D:6      | Reached XP level 9. HP: 50/64 MP: 5/12
  8703 | D:6      | HP: 3/64 [phantom (5)]
  8724 | D:7      | Found Qyemyat's Armour Shoppe.
  9129 | D:6      | Found a runed translucent door.
  9129 | D:6      | Noticed Crazy Yiuf
  9413 | D:6      | Killed Crazy Yiuf
  9541 | D:6      | Learned a level 1 spell: Confusing Touch
  9543 | D:6      | Learned a level 1 spell: Apportation
  9674 | D:7      | Found a staircase to the Ecumenical Temple.
  9825 | Temple   | Entered the Ecumenical Temple
 10119 | Temple   | Became a worshipper of Kikubaaqudgha
 10273 | D:7      | Reached skill level 1 in Hexes
 10913 | D:7      | Found a shadowy altar of Dithmenos.
 10913 | D:7      | Noticed an oklob plant
 11584 | D:7      | Identified a scroll of acquirement
 11606 | D:7      | Learned a level 2 spell: Blink
 11631 | D:8      | HP: 2/66 [poisoned by a killer bee]
 11631 | D:8      | Slain by a killer bee

Levels and vault maps discovered:
D:1:      psy_arrival_radial02, layout_basic
D:2:      layout_basic, grunt_dithmenos_smoke, uniq_terence, uniq_robin
D:3:      layout_loops_ring, chequers_temple_overflow_statue_of_worship
D:4:      layout_gridville, first_ration
D:5:      layout_cave_pools, grunt_temple_overflow_open,
          kennysheep_generic_room_5, uniq_sigmund, uniq_eustachio
D:6:      layout_basic, uniq_crazy_yiuf_cottage, uniq_blork_the_orc
D:7:      layout_basic, minmay_temple_entry_glass, serial_shops,
          nicolae_shop_trees, lemuel_oklob_altar
D:8:      layout_loops_corners, lair_entry_dummy, serial_shops,
          nicolae_shop_stone, david_nohive_1, uniq_joseph
Temple:   dpeg_five_rooms_temple

Skill      XL: |  1  2  3  4  5  6  7  8  9 |
---------------+----------------------------+-----
Fighting       | 1 2 3 4 5 7 8 |  8.0
Dodging        | 3 4 5 7 8 |  8.8
Charms         | 1 2 |  2.0
Necromancy     | 5 |  5.0
Hexes          | 2 |  2.1
Spellcasting   | 3 |  3.0
Stealth        | |  2.6
Translocations | |  0.3

Action                   |  1- 3 |  4- 6 |  7- 9 || total
-------------------------+-------+-------+-------++-------
Melee: Unarmed           |     9 |       |    48 ||    57
       Constrict         |    24 |    31 |    37 ||    92
       Whip              |    80 |    40 |       ||   120
       Tentacles         |    17 |    13 |    43 ||    73
       Short sword       |       |    71 |    92 ||   163
       Flail             |       |       |   111 ||   111
Throw: Dart              |       |     5 |     4 ||     9
 Cast: Pain              |       |    11 |    34 ||    45
       Regeneration      |       |     5 |     4 ||     9
       Animate Skeleton  |       |       |     8 ||     8
       Vampiric Draining |       |       |     7 ||     7
       Confusing Touch   |       |       |     2 ||     2
       Blink             |       |       |     1 ||     1
  Use: Scroll            |       |       |    16 ||    16
       Potion            |       |       |     3 ||     3
 Stab: Sleeping          |    11 |    12 |    10 ||    33
       Confused          |       |       |     2 ||     2
       Distracted        |       |       |     1 ||     1
  Eat: Chunk             |     2 |    10 |    12 ||    24
       Ration            |       |     1 |     3 ||     4
Armor: Skin              |     2 |     4 |   124 ||   130
Dodge: Dodged            |    48 |    65 |   239 ||   352

Table legend:
 A = Non-vault XP
 B = Vault XP
 C = Vault XP percentage of total XP
 D = Non-vault monster count
 E = Vault monster count
 F = Vault count percentage of total count
                 A         B        C        D         E       F
            +---------+---------+-------+---------+---------+-------
      Total |    3265 |     590 |  15.3 |     126 |      14 |  10.0
            +---------+---------+-------+---------+---------+-------
        D:1 |      45 |       0 |   0.0 |      21 |       0 |   0.0
        D:2 |      65 |      61 |  48.4 |      27 |       8 |  22.9
        D:3 |      33 |       0 |   0.0 |      11 |       0 |   0.0
        D:4 |     460 |       0 |   0.0 |      15 |       0 |   0.0
        D:5 |     343 |     341 |  49.9 |      12 |       3 |  20.0
        D:6 |    1191 |     127 |   9.6 |      21 |       2 |   8.7
        D:7 |    1128 |       0 |   0.0 |      19 |       0 |   0.0
        D:8 |       0 |      61 | 100.0 |       0 |       1 | 100.0
            +---------+---------+-------+---------+---------+-------
